 Dungeon Crawl Stone Soup version 0.29.0-4-gdea44cf6ec (webtiles) character file.

Game seed: 8732144248220291962

32 qw the Chopper (level 3, -1/21 HPs)
             Began as a Tengu Warper on Aug 28, 2022.
             Slain by a worm (5 damage)
             ... on level 2 of the Dungeon.
             The game lasted 00:00:07 (1282 turns).

qw the Chopper (Tengu Warper)                       Turns: 1282, Time: 00:00:07

Health: -1/21      AC:  5    Str: 13    XL:     3   Next: 27%
Magic:  7/7        EV: 11    Int: 13    God:
Gold:   27         SH:  0    Dex: 13    Spells: 6/6 levels left

rFire   + . .      SeeInvis .   Y - +0 hand axe
rCold   . . .      Faith    .   (no shield)
rNeg    . . .      Spirit   .   j - +0 ring mail
rPois   .          Reflect  .   (helmet restricted)
rElec   .          Harm     .   (no cloak)
rCorr   .          Rampage  .   (no gloves)
Will    .....                   (boots unavailable)
Stlth   +.........              (no amulet)
HPRegen 0.07/turn               e - ring of protection from fire
MPRegen 0.10/turn               (no ring)

@: about to teleport
A: beak, talons 3
a: no special abilities


You were on level 2 of the Dungeon.
You visited 1 branch of the dungeon, and saw 2 of its levels.

You collected 27 gold pieces.


Innate Abilities, Weirdness & Mutations

You have a beak for a mouth.
You have claws for feet.


   Skills:
 - Level 2.0 Fighting
 + Level 4.0 Axes
 - Level 1.0 Throwing
 - Level 1.1 Armour
 - Level 2.1 Dodging
 - Level 2.0 Spellcasting
 - Level 2.4 Translocations


You had 6 spell levels left.
You didn't know any spells.
Your spell library contained the following spells:

 Spells                   Type           Power      Damage    Failure   Level
 Blink                    Tloc           14%        N/A       30%         2
 Gell's Gravitas          Tloc           7%         N/A       52%         3
 Lesser Beckoning         Tloc           7%         N/A       52%         3
 Teleport Other           Tloc           7%         N/A       52%         3
 Manifold Assault         Tloc           7%         N/A       99%         5

Inventory:

Hand Weapons
 f - a +0 club
 Y - a +0 hand axe (weapon)
Armour
 j - a +0 ring mail (worn)
Jewellery
 a - an amulet of faith
 e - a ring of protection from fire (left hand)
Scrolls
 c - a scroll of amnesia {unknown}
Potions
 b - a potion of brilliance {unknown}
 d - 2 potions of attraction {unknown}
 g - a potion of mutation {unknown}
 i - a potion of curing {unknown}
 k - a potion of degeneration {unknown}

Dungeon Overview and Level Annotations

Branches:
Dungeon (2/15)

Altars:


Message History

Enter note: You hit the frilled lizard.
You kill the frilled lizard!
You see here a frilled lizard corpse.
g - a bubbling blue potion
Enter note:
k - a fuming amethyst potion
Found a stone staircase leading down.
A bat comes into view.
Found 9 gold pieces.
You hit the bat. Your peck misses the bat.
The bat is severely wounded.
The bat hits you but does no damage. The bat misses you.
You hit the bat.
You kill the bat!
You now have 19 gold pieces (gained 9).
You now have 27 gold pieces (gained 8).
As you open the door, it creaks loudly!
A worm comes into view.
You hear an angry hiss.
The worm moves out of view.
Found a dark potion.
Enter note: You barely miss the worm.
You hit the worm.
The worm is moderately wounded.
The worm bites you!
You hit the worm.
The worm is heavily wounded.
The worm bites you.
You barely miss the worm. You claw the worm.
The worm is severely wounded.
The worm bites you.
1281 ||| READING scroll of teleportation.
As you read the scroll of teleportation, it crumbles to dust.
You feel strangely unstable.
You hit the worm. Your kick misses the worm.
The worm is almost dead.
The worm bites you.
You die...

'...+ #..# #...#
##.#### #...#
#..... #...#
#..... #...# ###
#..... #...# ...#
##>... #...# .....
#.... #...#......
#.... +..@w....!.
#.### #...#......
#.### #...##.....
#.... #....##...#
#.###
####..##########.#
##............#
##############


You could see a worm.

Vanquished Creatures
  A worm (D:2)
  A dart slug (D:1)
  2 endoplasms
  A giant cockroach (D:1)
  A goblin (D:1)
  6 hobgoblins
  2 kobolds (D:1)
  A quokka (D:1)
  4 ball pythons
  3 bats
  3 frilled lizards
  3 rats (D:1)
28 creatures vanquished.

Notes
Turn   | Place    | Note
-------+----------+-------------------------------------------
     0 | D:1      | qw the Tengu Warper began the quest for the Orb.
     0 | D:1      | Reached XP level 1. HP: 12/12 MP: 4/4
     0 | D:1      | 0 ||| qw: Version: 0.1-a-89-g26bdef1
     0 | D:1      | 0 ||| qw: Game counter: 2701
     0 | D:1      | 0 ||| qw: Always use a shield: true
     0 | D:1      | 0 ||| qw: God list: Okawaru
     0 | D:1      | 0 ||| qw: Allow faded altars: false
     0 | D:1      | 0 ||| qw: Do Orc after D:15 true
     0 | D:1      | 0 ||| qw: Do second Lair branch before Depths: true
     0 | D:1      | 0 ||| qw: Lair rune preference: random
     0 | D:1      | 0 ||| qw: Plans: Normal
     0 | D:1      | 0 ||| PLANNING D:1-11
    65 | D:1      | 65 ||| Stepping ~*~*~tactically~*~*~ (hiding).
   212 | D:1      | 212 ||| Stepping ~*~*~tactically~*~*~ (stealth).
   213 | D:1      | 213 ||| Stepping ~*~*~tactically~*~*~ (stealth).
   221 | D:1      | Reached XP level 2. HP: 17/17 MP: 6/6
   229 | D:1      | Reached skill level 3 in Axes
   233 | D:1      | 233 ||| Stepping ~*~*~tactically~*~*~ (stealth).
   234 | D:1      | 234 ||| Stepping ~*~*~tactically~*~*~ (stealth).
   253 | D:1      | 253 ||| Stepping ~*~*~tactically~*~*~ (stealth).
   256 | D:1      | 256 ||| Stepping ~*~*~tactically~*~*~ (stealth).
   473 | D:1      | 473 ||| Stepping ~*~*~tactically~*~*~ (stealth).
   478 | D:1      | 478 ||| Stepping ~*~*~tactically~*~*~ (stealth).
   496 | D:1      | 496 ||| Stepping ~*~*~tactically~*~*~ (stealth).
   498 | D:1      | 498 ||| Stepping ~*~*~tactically~*~*~ (stealth).
   500 | D:1      | 500 ||| Stepping ~*~*~tactically~*~*~ (stealth).
   517 | D:1      | 517 ||| Stepping ~*~*~tactically~*~*~ (stealth).
   530 | D:1      | 530 ||| Stepping ~*~*~tactically~*~*~ (stealth).
   541 | D:1      | 541 ||| Stepping ~*~*~tactically~*~*~ (stealth).
   559 | D:1      | 559 ||| Stepping ~*~*~tactically~*~*~ (stealth).
   561 | D:1      | 561 ||| Stepping ~*~*~tactically~*~*~ (stealth).
   675 | D:1      | Reached XP level 3. HP: 16/21 MP: 7/7
   812 | D:1      | 812 ||| UPGRADING to +0 ring mail.
   822 | D:1      | 822 ||| DROPPING +0 leather armour.
   823 | D:1      | 823 ||| UPGRADING to ring of protection from fire.
   824 | D:1      | 824 ||| READING scroll labelled NIOC PUEZADOS.
   825 | D:1      | 825 ||| READING scroll labelled WODUCRO JECRAWN.
   826 | D:1      | 826 ||| READING 2 scrolls labelled RUAHO REIGGEPP.
   829 | D:1      | 829 ||| READING scroll labelled PUPAEG VEJICW.
   930 | D:1      | 930 ||| DROPPING scroll of blinking.
  1030 | D:2      | 1030 ||| Stepping ~*~*~tactically~*~*~ (stealth).
  1031 | D:2      | 1031 ||| Stepping ~*~*~tactically~*~*~ (stealth).
  1166 | D:2      | Reached skill level 4 in Axes
  1166 | D:2      | Identified the +8 longbow "Teun" {flame, rCorr Str+4}
  1280 | D:2      | HP: 3/21 [worm (3)]
  1281 | D:2      | 1281 ||| READING scroll of teleportation.
  1282 | D:2      | Slain by a worm

Levels and vault maps discovered:
D:1:      nicolae_arrival_somewhat_less_tricky_arrival, layout_loops_ring
D:2:      kennysheep_six_static_rooms, layout_basic

Skill      XL: |  1  2  3 |
---------------+----------+-----
Axes           | 3 4 |  4.0
Fighting       | |  2.0
Throwing       | |  1.0
Armour         | |  1.1
Dodging        | |  2.1
Spellcasting   | |  2.0
Translocations | |  2.4

Action                   || total
-------------------------++-------
Melee: Hand axe          ||    58
       Peck              ||     5
       Kick              ||    13
Throw: Boomerang         ||     7
  Use: Scroll            ||     5
Armor: Leather armour    ||     6
       Ring mail         ||     2
Dodge: Dodged            ||    20

Table legend:
 A = Non-vault XP
 B = Vault XP
 C = Vault XP percentage of total XP
 D = Non-vault monster count
 E = Vault monster count
 F = Vault count percentage of total count
                 A         B        C        D         E       F
            +---------+---------+-------+---------+---------+-------
      Total |      47 |       0 |   0.0 |      28 |       0 |   0.0
            +---------+---------+-------+---------+---------+-------
        D:1 |      35 |       0 |   0.0 |      22 |       0 |   0.0
        D:2 |      12 |       0 |   0.0 |       6 |       0 |   0.0
            +---------+---------+-------+---------+---------+-------
